 Dungeon Crawl Stone Soup version 0.31-a0-1540-g5a0b83f448 (webtiles) character file.

Game seed: 7547864494486081644

98452 bjtr the Geomancer (level 16, -2/79 HPs)
             Began as a Vine Stalker Earth Elementalist on Dec 31, 2023.
             Was a High Priest of Vehumet.
             Slain by a death yak (7 damage)
             ... while petrified by a catoblepas
             ... on level 4 of the Lair of Beasts on Jan 2, 2024.
             The game lasted 02:53:39 (23286 turns).

bjtr the Geomancer (VSEE)                          Turns: 23286, Time: 02:53:40

Health: -2/79      AC: 11    Str: 18    XL:     16   Next: 22%
Magic:  0/32       EV:  2    Int: 21    God:    Vehumet [*****.]
Gold:   1425       SH:  0    Dex: 23    Spells: 1/37 levels left

rFire   + . .        a - +4 rapier (speed)
rCold   + . .        k - +0 kite shield
rNeg    + + +        T - +0 acid dragon scales
rPois   ∞            l - +2 helmet
rElec   .            z - scarf {rC+ rF+}
rCorr   +            f - +0 pair of gloves
SInv    .            E - +2 pair of boots {Fly}
Will    +++..        N - amulet of reflection
Stlth   ++++         L - +6 ring of dexterity
HPRegen 1.13/turn    p - ring "Wuov" {*Corrode rN+ Will+ EV+5 Str+7}
MPRegen 0.23/turn

%: corrode self (3%), reflection, guardian spirit
@: petrified, corroded, flying
A: fangs 3, regeneration 1, magic shield, antimagic bite, no potion heal 2
a: Renounce Religion


You were on level 4 of the Lair of Beasts.
You worshipped Vehumet.
Vehumet was extremely pleased with you.
You visited 3 branches of the dungeon, and saw 20 of its levels.
You also visited: Sewer and Gauntlet.

You collected 1750 gold pieces.
You spent 325 gold pieces at shops.

Inventory:

Hand Weapons
 a - a +4 rapier of speed (weapon)
 b - the +7 hand cannon "Mule" {flame, backblast, rF+}
   (You acquired it on level 8 of the Dungeon)

   rF+:       It protects you from fire.
 h - a +0 demon whip of venom
 i - a +4 scimitar of flaming
Missiles
 d - 23 poisoned darts
 t - 4 javelins
 P - 6 silver javelins
 X - 6 curare-tipped darts (quivered)
Armour
 f - a +0 pair of gloves (worn)
 k - a +0 kite shield (worn)
 l - a +2 helmet (worn)
 z - a scarf of resistance (worn)
 A - +0 pearl dragon scales
 E - a +2 pair of boots of flying (worn)
 T - +0 acid dragon scales (worn)
Jewellery
 j - a ring of see invisible
 p - the ring "Wuov" (right hand) {*Corrode rN+ Will+ EV+5 Str+7}
   (You acquired it on level 8 of the Dungeon)

   [ring of evasion]

   EV+5:      It affects your evasion (+5).
   Str+7:     It affects your strength (+7).
   rN+:       It protects you from negative energy.
   Will+:     It increases your willpower.
   *Corrode:  It may corrode you when you take damage.
 u - a ring of protection from fire
 w - a +4 ring of protection
 L - a +6 ring of dexterity (left hand)
 N - an amulet of reflection (around neck)
Wands
 H - a wand of polymorph (11)
 I - a wand of paralysis (11)
 O - a wand of iceblast (10)
 Q - a wand of digging (9)
 W - a wand of mindburst (29)
Scrolls
 c - 5 scrolls of poison
 g - a scroll of vulnerability
 o - 3 scrolls of enchant armour
 q - 2 scrolls of teleportation
 x - a scroll of brand weapon
 y - 4 scrolls of fog
 B - a scroll of amnesia
 C - 3 scrolls of immolation
 G - 8 scrolls of identify
 Y - a scroll of fear
Potions
 e - a potion of mutation
 m - 10 potions of curing
 r - 3 potions of enlightenment
 s - 2 potions of might
 v - 3 potions of berserk rage
 J - a potion of cancellation
 U - 2 potions of resistance
Miscellaneous
 n - a phantom mirror
 F - a lightning rod (2/4)
 V - a sack of spiders (inert)
 Z - a tin of tremorstones (2/2)


   Skills:
 + Level 6.3 Fighting
 + Level 9.0 Short Blades
 - Level 6.8 Armour
 + Level 7.1 Dodging
 + Level 8.2 Stealth
 + Level 9.8 Shields
 + Level 11.4 Spellcasting
 * Level 10.3 Conjurations
 + Level 11.4 Earth Magic
 - Level 1.0 Alchemy


You had one spell level left.
You knew the following spells:

 Your Spells              Type           Power      Damage    Failure   Level
a - Sandblast             Erth           100%       2d20      1%          1
b - Passwall              Erth           56%        N/A       1%          3
c - Stone Arrow           Conj/Erth      100%       3d13      1%          3
d - Lee's Rapid Deconstr  Erth           28%        3d15*     1%          5
e - Brom's Barrelling Bo  Conj/Erth      55%        2d7       1%          4
f - Iskenderun's Mystic   Conj/Tloc      33%        2d8       4%          4
g - Arcjolt               Conj/Air       16%        1d26      13%         5
h - Bombard               Conj/Erth      27%        9d5       7%          6
i - Irradiate             Conj/Alch      17%        3d17      11%         5

Your spell library contained the following spells:

 Spells                   Type           Power      Damage    Failure   Level
 Slow                     Hex            44%        N/A       14%         1
 Static Discharge         Conj/Air       66%        3-6/arc   1%          2
 Iskenderun's Battlesphe  Conj           53%        2d10      1%          5
 Leda's Liquefaction      Alch/Erth      19%        N/A       11%         4
 Petrify                  Alch/Erth      38%        N/A       11%         4
 Ensorcelled Hibernation  Hex/Ice        22%        N/A       22%         2
 Airstrike                Air            5%         2d(1-17)  34%         4
 Confusing Touch          Hex            11%        N/A       41%         3
 Fugue of the Fallen      Necr           11%        N/A       41%         3
 Ozocubu's Armour         Ice            11%        N/A       41%         3
 Sigil of Binding         Hex            11%        N/A       41%         3
 Tukima's Dance           Hex            11%        N/A       41%         3
 Vampiric Draining        Necr           11%        2d6       41%         3
 Yara's Violent Unravell  Hex/Alch       7%         3d5       58%         5
 Anguish                  Hex/Necr       5%         N/A       82%         4
 Passage of Golubria      Tloc           11%        N/A       82%         4
 Summon Lightning Spire   Summ/Air       11%        N/A       82%         4
 Vhi's Electric Charge    Tloc/Air       22%        N/A       82%         4
 Spellforged Servitor     Conj/Summ      16%        N/A       96%         7
 Metabolic Englaciation   Hex/Ice        5%         N/A       99%         5
 Plasma Beam              Fire/Air       5%         2x1d16    99%         6
 Sculpt Simulacrum        Ice/Alch       7%         N/A       100%        6


Dungeon Overview and Level Annotations

Branches:
Dungeon (15/15)            Temple (1/1) D:7            Lair (4/5) D:11
 Shoals (0/4) Lair:2        Snake (0/4) Lair:2          Orc (0/2) D:9
 Vaults (0/5) D:13         Depths (0/4) D:15          Sewer (visited)
Gauntlet (visited)
  Slime: Lair:4-5

Altars:
Ashenzari
Cheibriados
Dithmenos
Elyvilon
Fedhas
Gozag
Hepliaklqana
Kikubaaqudgha
Makhleb
Nemelex Xobeh
Okawaru
Qazlal
Ru
Sif Muna
Trog
Uskayaw
Vehumet
Wu Jian
Xom
Yredelemnul
Zin
The Shining One

Shops:
D:2 [   D:5 *   D:8 *

Portals:
Abyss: D:9

Annotations:
D:9 2 transporters, MysticSailboat's ghost, journeyman GnAr


Innate Abilities, Weirdness & Mutations

You have razor-sharp teeth.
Your natural rate of healing is unusually fast.
When hurt, damage is shared between your health and your magic reserves.
Your bite disrupts and absorbs the magic of your enemies.
Potions cannot restore your health.


Message History

The death yak is moving more slowly.
The death yak gores you but does no damage.
The yak is engulfed in calcifying dust.
You have turned to stone.
You are engulfed in calcifying dust.
The black mamba bites you but does no damage.
The black mamba barely misses you.
The death yak is engulfed in calcifying dust.
The death yak stops moving altogether!
The yak is engulfed in calcifying dust.
You are engulfed in calcifying dust.
The black mamba bites you.
The death yak is engulfed in calcifying dust.
The black mamba bites you.
The yak is engulfed in calcifying dust.
You are engulfed in calcifying dust.
The black mamba bites you.
The death yak is engulfed in calcifying dust.
The black mamba bites you but does no damage.
The catoblepas gores you!!
The yak is engulfed in calcifying dust.
You are engulfed in calcifying dust.
The black mamba bites you.
The death yak is engulfed in calcifying dust.
The catoblepas gores you!!
The yak is engulfed in calcifying dust.
You are engulfed in calcifying dust.
The death yak is no longer petrified.
The black mamba bites you but does no damage.
The black mamba bites you.
The death yak is engulfed in calcifying dust.
The death yak is moving more slowly.
The death yak gores you! The catoblepas gores you!
The black mamba bites you. x2; The death yak gores you!
The catoblepas gores you! The black mamba bites you. The death yak gores you!
The black mamba bites you!
Your corrosive artefact corrodes you!
The catoblepas gores you!!
* * * LOW HITPOINT WARNING * * *
The black mamba bites you!
* * * LOW HITPOINT WARNING * * *
The death yak gores you.
* * * LOW HITPOINT WARNING * * *
The black mamba bites you!
* * * LOW HITPOINT WARNING * * *
The catoblepas completely misses you. The black mamba bites you!
* * * LOW HITPOINT WARNING * * *
The death yak gores you!
You die...

......... ..#
...... ......#..
..##..... ##...#.
....#...# P#..#.
...#...### ## #.
#######........#
.#
#....#..Y..#....
...
........†.......
..8
..<..8.YY..8(...
..
.......@†.......
.#
....###.S..##...
.# ##...#.....
###...##.###
...####.....#..#
#....8..†..#...##
##.......#......#.
###.>.##.........
#.#.##P......#.#


You could see a death yak (petrifying), a catoblepas, a black mamba and a yak
(petrified).

Vanquished Creatures
  Louise (D:14)
  An ironbound preserver (D:13)
  Nessos (Lair:3)
  A minotaur (Gauntlet)
  3 death knights
  Erica (D:11)
  3 hydras
  4 centaur warriors
  Erolcha (D:11)
  4 boulder beetles
  6 two-headed ogres
  A death scarab (Gauntlet)
  2 tengu warriors
  4 death yaks (Lair:4)
  Urug (Lair:4)
  Sonja (Lair:3)
  Amaemon (Lair:3)
  A spectral death yak (Gauntlet)
  Lodul (D:12)
  A skyshark (Lair:4)
  An orange crystal statue (Gauntlet)
  A wolf spider (D:10)
  7 ugly things
  A deep elf pyromancer (D:12)
  4 oklob plants
  6 manticores
  4 cyclopes
  4 black mambas
  4 elephants (Lair:3)
  Joseph (D:7)
  A black mamba (shapeshifter) (D:15)
  An orange demon (Lair:3)
  2 torpor snails (Lair:4)
  5 cane toads
  2 unseen horrors
  12 rime drakes
  A kobold demonologist (D:13)
  3 efreet
  A freezing wraith (D:15)
  3 komodo dragons
  A troll (shapeshifter) (D:14)
  3 merfolk (Lair:2)
  6 trolls
  A polar bear (Lair:3)
  3 hornets
  4 blink frogs (Lair:2)
  Sigmund (D:6)
  12 slime creatures
  2 water elementals (D:15)
  A spriggan (D:12)
  3 wraiths
  51 yaks
  2 wyverns
  2 shadows
  A ynoxinul (Gauntlet)
  A human (D:12)
  5 basilisks
  A vampire (D:10)
  9 steam dragons
  6 vampire mosquitoes
  3 acid dragons
  A naga (Lair:2)
  8 water moccasins
  7 orc warriors
  A sky beast (D:7)
  2 ice beasts (D:6)
  9 ogres
  3 black bears
  An ogre (shapeshifter) (D:15)
  2 boggarts (D:13)
  20 wolves
  22 centaurs
  A kobold brigand (Sewer)
  14 bullfrogs
  A gnoll sergeant (D:11)
  A necrophage (D:12)
  6 scorpions
  8 wights
  6 howler monkeys
  3 electric eels
  A bombardier beetle (D:6)
  2 hounds
  3 jellies
  2 iron imps (Gauntlet)
  6 orc priests
  A sleepcap (D:7)
  3 iguanas
  14 orc wizards
  Robin (D:2)
  12 gnolls
  8 adders
  2 dart slugs (D:1)
  2 ribbon worms
  40 orcs
  9 ball pythons
  4 endoplasms
  4 giant cockroaches
  16 goblins
  9 hobgoblins
  6 jackals (D:1)
  7 quokkas
  6 bats
  3 frilled lizards
  17 kobolds
  3 rats
518 creatures vanquished.

Vanquished Creatures (collateral kills)
  An ugly thing (D:14)
  50 boulders
51 creatures vanquished.

Vanquished Creatures (others)
  A boggart (D:13)
  An orc wizard (D:11)
  58 boulders
60 creatures vanquished.

Grand Total: 629 creatures vanquished

Notes
Turn   | Place    | Note
-------+----------+-------------------------------------------
     0 | D:1      | bjtr the Vine Stalker Earth Elementalist began the quest
                  | for the Orb.
     0 | D:1      | Reached XP level 1. HP: 9/9 MP: 4/4
    71 | D:1      | Reached XP level 2. HP: 13/13 MP: 6/6
   211 | D:1      | Reached XP level 3. HP: 16/16 MP: 5/7
   706 | D:2      | Learned a level 3 spell: Passwall
   710 | D:2      | Learned a level 3 spell: Stone Arrow
   742 | D:2      | Noticed Robin
   746 | D:2      | Killed Robin
   842 | D:2      | Found a bloodstained altar of Trog.
   855 | D:2      | Reached XP level 4. HP: 21/21 MP: 6/9
   920 | D:2      | Found Gojalat's Armour Boutique.
  1714 | D:3      | Noticed a scorpion
  1815 | D:3      | Killed a scorpion
  1816 | D:3      | Reached skill level 1 in Short Blades
  1816 | D:3      | Reached XP level 5. HP: 15/25 MP: 2/11
  2098 | D:4      | Found a glowing drain.
  2152 | Sewer    | Entered a sewer
  2244 | Sewer    | Noticed a kobold brigand
  2263 | Sewer    | Killed a kobold brigand
  2264 | Sewer    | Reached skill level 1 in Fighting
  2264 | Sewer    | Reached XP level 6. HP: 30/30 MP: 6/12
  2698 | D:4      | Reached skill level 5 in Earth Magic
  2714 | D:4      | Found a radiant altar of Vehumet.
  2732 | D:4      | Became a worshipper of Vehumet
  2853 | D:4      | Reached XP level 7. HP: 33/33 MP: 8/14
  3315 | D:4      | Found a shimmering blue altar of Sif Muna.
  3575 | D:5      | Entered Level 5 of the Dungeon
  3711 | D:5      | Reached skill level 5 in Spellcasting
  3807 | D:5      | Reached * piety under Vehumet
  3807 | D:5      | Offered knowledge of Freeze by Vehumet.
  3873 | D:5      | Found Umergh's Assorted Antiques.
  3877 | D:5      | Bought a scroll labelled ALU QIUPLEOHI for 31 gold pieces
  3877 | D:5      | Bought a scroll labelled KAUKHEBRUL for 31 gold pieces
  3944 | D:5      | Reached skill level 1 in Armour
  3966 | D:5      | Gained mutation: You have razor-sharp teeth. [Vine Stalker
                  | growth]
  3966 | D:5      | Reached XP level 8. HP: 39/39 MP: 15/17
  4487 | D:5      | Bought a dented malachite amulet for 155 gold pieces
  4575 | D:6      | Noticed Sigmund
  4737 | D:6      | Killed Sigmund
  4931 | D:6      | Reached XP level 9. HP: 42/42 MP: 16/19
  5070 | D:6      | Upgraded the game from 0.31-a0-1522-g43313d8a59 to
                  | 0.31-a0-1529-g7bd419a0e5
  5111 | D:7      | Found a blossoming altar of Fedhas.
  5113 | D:7      | Noticed Joseph
  5158 | D:7      | Reached skill level 1 in Shields
  5200 | D:7      | Killed Joseph
  5564 | D:7      | Found a staircase to the Ecumenical Temple.
  6134 | Temple   | Entered the Ecumenical Temple
  6174 | D:8      | Reached ** piety under Vehumet
  6176 | D:8      | Offered knowledge of Sting by Vehumet.
  6311 | D:8      | Identified a scroll of acquirement
  6311 | D:8      | Acquired the +7 hand cannon "Mule" {flame, backblast, rF+}
  6311 | D:8      | Found the +7 hand cannon "Mule" {flame, backblast, rF+}
  6420 | D:8      | Noticed an angel
  6429 | D:8      | Found Fetiup's Hallowed Reliquary.
  6439 | D:8      | Bought a potion of curing for 36 gold pieces
  6439 | D:8      | Bought a potion of curing for 36 gold pieces
  6439 | D:8      | Bought a potion of curing for 36 gold pieces
  6440 | D:8      | Acquired the ring "Wuov" {*Corrode rN+ Will+ EV+5 Str+7}
  6449 | D:8      | Noticed a hornet
  6462 | D:8      | Killed a hornet
  6463 | D:8      | Reached XP level 10. HP: 47/47 MP: 22/22
  6747 | D:8      | Reached skill level 5 in Armour
  6749 | D:8      | Noticed a two-headed ogre
  6766 | D:8      | Killed a two-headed ogre
  7096 | D:8      | Offered knowledge of Volatile Blastmotes by Vehumet.
  7413 | D:9      | Learned a level 5 spell: Lee's Rapid Deconstruction
  7418 | D:9      | Learned a level 4 spell: Brom's Barrelling Boulder
  7483 | D:9      | Found a transporter.
  7582 | D:9      | Found a transporter.
  7641 | D:9      | Reached skill level 5 in Stealth
  7660 | D:9      | Reached *** piety under Vehumet
  7697 | D:9      | Noticed a soul eater
  7776 | D:9      | Reached XP level 11. HP: 46/52 MP: 23/23
  7798 | D:9      | Reached skill level 5 in Shields
  7948 | D:9      | Offered knowledge of Hailstorm by Vehumet.
  7949 | D:9      | Reached skill level 5 in Short Blades
  8066 | D:9      | Found a staircase to the Orcish Mines.
  8149 | D:9      | Found a one-way gate to the infinite horrors of the Abyss.
  8149 | D:9      | Noticed MysticSailboat's ghost (journeyman GnAr)
  8380 | D:10     | Entered Level 10 of the Dungeon
  8415 | D:10     | Reached skill level 1 in Conjurations
  8423 | D:10     | Found a stormy altar of Qazlal.
  8423 | D:10     | Found an iron altar of Okawaru.
  8537 | D:10     | Found a snail-covered altar of Cheibriados.
  8697 | D:10     | Found a glowing silver altar of Zin.
  8800 | D:10     | Noticed a two-headed ogre
  8823 | D:10     | Killed a two-headed ogre
  9116 | D:10     | Noticed a two-headed ogre
  9116 | D:10     | Noticed a wolf spider
  9351 | D:10     | Paralysed by a hornet for 2 turns
  9835 | D:10     | Found a white marble altar of Elyvilon.
 10008 | D:10     | Killed a two-headed ogre
 10263 | D:10     | Killed a wolf spider
 10516 | D:10     | Reached **** piety under Vehumet
 10646 | D:11     | Noticed Erica
 10658 | D:11     | Killed Erica
 10659 | D:11     | Reached XP level 12. HP: 58/58 MP: 19/25
 10845 | D:11     | Offered knowledge of Iskenderun's Mystic Blast by Vehumet.
 10852 | D:11     | Learned a level 4 spell: Iskenderun's Mystic Blast
 10858 | D:11     | Learned a level 5 spell: Arcjolt
 10928 | D:11     | Found a staircase to the Lair.
 10992 | D:11     | Noticed Erolcha
 11009 | D:11     | Upgraded the game from 0.31-a0-1529-g7bd419a0e5 to
                  | 0.31-a0-1540-g5a0b83f448
 11041 | D:11     | Killed Erolcha
 11234 | D:11     | Reached skill level 5 in Dodging
 11562 | D:12     | Noticed a boulder beetle
 11736 | D:12     | Killed a boulder beetle
 11747 | D:12     | Noticed a two-headed ogre
 12146 | D:12     | Killed a two-headed ogre
 12173 | D:12     | Noticed a two-headed ogre
 12188 | D:12     | Killed a two-headed ogre
 12515 | D:12     | Noticed Lodul
 12558 | D:12     | Killed Lodul
 13171 | D:12     | Reached skill level 10 in Earth Magic
 13333 | D:13     | Reached XP level 13. HP: 61/63 MP: 27/27
 13527 | D:13     | Noticed an ironbound preserver
 13625 | D:13     | Reached skill level 5 in Conjurations
 13850 | D:13     | Killed an ironbound preserver
 13851 | D:13     | Reached skill level 5 in Fighting
 13960 | D:13     | Found a gate to the Vaults.
 13995 | D:12     | HP: 3/63 [efreet/+0 scimitar of flaming (8)]
 13995 | D:12     | HP: 1/63 [efreet/+0 scimitar of flaming (2)]
 14005 | D:12     | HP: 3/63 [skeletal warrior/+0 mace (8)]
 14496 | D:13     | Reached skill level 10 in Spellcasting
 14507 | D:13     | Reached ***** piety under Vehumet
 14712 | D:13     | Offered knowledge of Ignite Poison by Vehumet.
 15158 | D:14     | Noticed Louise
 15854 | D:14     | Killed Louise
 16320 | D:14     | Learned a level 6 spell: Bombard
 16406 | D:15     | Entered Level 15 of the Dungeon
 16408 | D:15     | Found a staircase to the Depths.
 16408 | D:15     | Noticed a fire giant
 16725 | D:15     | Reached XP level 14. HP: 66/68 MP: 4/29
 18109 | Lair:1   | Entered Level 1 of the Lair of Beasts
 19153 | Lair:2   | Found a gate leading to a gauntlet.
 19157 | Lair:2   | Found a staircase to the Snake Pit.
 19187 | Gauntlet | Entered a Gauntlet
 19187 | Gauntlet | Found a transporter.
 19187 | Gauntlet | Found a transporter.
 19187 | Gauntlet | Found a transporter.
 19246 | Gauntlet | Found a transporter.
 19258 | Gauntlet | Found a transporter.
 19259 | Gauntlet | Found a transporter.
 19260 | Gauntlet | Found a large runed translucent door.
 19261 | Gauntlet | Found a large runed translucent door.
 19262 | Gauntlet | Found a large runed translucent door.
 19262 | Gauntlet | Found a large runed translucent door.
 19262 | Gauntlet | Found a runed translucent door.
 19263 | Gauntlet | Found a large runed translucent door.
 19264 | Gauntlet | Found a large runed translucent door.
 19265 | Gauntlet | Found a large runed translucent door.
 19265 | Gauntlet | Found a large runed translucent door.
 19266 | Gauntlet | Found a runed translucent gate.
 19266 | Gauntlet | Found a runed translucent gate.
 19268 | Gauntlet | Found a transporter.
 19272 | Gauntlet | Found a runed translucent gate.
 19272 | Gauntlet | Found a runed translucent door.
 19277 | Gauntlet | Found a large runed translucent door.
 19277 | Gauntlet | Found a large runed translucent door.
 19278 | Gauntlet | Found a large runed translucent door.
 19279 | Gauntlet | Found a large runed translucent door.
 19286 | Gauntlet | Found a transporter.
 19290 | Gauntlet | Found a runed translucent door.
 19297 | Gauntlet | Found a large runed translucent door.
 19297 | Gauntlet | Found a large runed translucent door.
 19298 | Gauntlet | Found a large runed translucent door.
 19299 | Gauntlet | Found a large runed translucent door.
 19299 | Gauntlet | Found a transporter.
 19302 | Gauntlet | Found a transporter.
 19310 | Gauntlet | Found a transporter.
 19313 | Gauntlet | Found a transporter.
 19462 | Gauntlet | Identified the +0 helmet of Aviushud {rC+}
 19850 | Gauntlet | Identified the +0 scale mail of Jigsaw {rC+}
 19855 | Gauntlet | Reached XP level 15. HP: 73/73 MP: 30/30
 20391 | Lair:2   | Found a staircase to the Shoals.
 21153 | Lair:3   | Noticed Nessos
 21158 | Lair:3   | Killed Nessos
 21165 | Lair:3   | Noticed Sonja
 21174 | Lair:3   | Killed Sonja
 21295 | Lair:3   | Reached skill level 10 in Conjurations
 21389 | Lair:3   | Noticed Amaemon
 21546 | Lair:3   | Reached XP level 16. HP: 78/78 MP: 32/32
 22123 | Lair:3   | Killed Amaemon
 22911 | Lair:4   | Offered knowledge of Irradiate by Vehumet.
 22919 | Lair:4   | Learned a level 5 spell: Irradiate
 22967 | Lair:4   | Noticed Urug
 22991 | Lair:4   | Killed Urug
 23255 | Lair:4   | Identified the maw talisman of Dogmatism {rC+ rN+ rCorr
                  | Str+3}
 23286 | Lair:4   | Slain by a death yak

Illustrated notes

Levels and vault maps discovered:
D:1:      psy_arrival_conway, layout_rooms, minivault_4
D:2:      layout_basic, serial_shops, nicolae_shop_window_shopping, basic_altar,
          serial_park_tiny_2, uniq_robin
D:3:      layout_rooms, hangedman_decor_clover_reticule, grunt_ministairs_15
D:4:      layout_rooms, vehumet_altar_wand_db, general_overflow_altar,
          gup_sewer_entry_pipe
D:5:      layout_basic, serial_bayou, serial_bayou_lake_a,
          serial_bayou_lagoon_a, serial_bayou_ford_a, serial_bayou_shore_b,
          serial_shops, nicolae_shop_crystal, minmay_misc_feat_five,
          columned_hall_lemuel, minivault_14
D:6:      layout_rooms, uniq_sigmund
D:7:      layout_basic, fedhas_ov_isle_minmay, minmay_temple_entry_waves,
          uniq_joseph
D:8:      layout_basic, nicolae_good_shop
D:9:      layout_roguey, david_orc_4, gammafunk_ghost_abyssal_escape
D:10:     minmay_stone_box, layout_rooms, nicolae_overflow_macrodata_refinement,
          lemuel_coloured_pillars_altar, kennysheep_island_fort
D:11:     layout_roguey, grunt_lair_entry_orc_guard_hut, uniq_erica,
          uniq_erolcha
D:12:     layout_irregular_city, hangedman_stone_soup, uniq_lodul
D:13:     layout_long_grid, skrybe_vaults_entry_preservation
D:14:     layout_rooms, uniq_louise
D:15:     grunt_enter_depths_giant_problem, layout_basic,
          hangedman_decor_lopped, hangedman_decor_push
Temple:   dpeg_chambers_temple
Lair:1:   layout_cave_shapes, minmay_lair_oklob_items, grunt_megastairs_3
Lair:2:   layout_regular_city, mainiacjoe_shoals_entry_four_pools,
          guppyfry_snake_entry_island, gauntlet_entry_generic,
          bobbens_dragon_lair_wall, serial_bayou_shore_a
Lair:3:   layout_hall_layers, dpeg_oklob_1, lemuel_fruit_tree,
          infiniplex_staircase_pool_2, uniq_amaemon, uniq_sonja, uniq_nessos
Lair:4:   layout_regular_city, infiniplex_staircase_pool, grunt_megastairs_5,
          uniq_urug

Skill      XL: |  1  2  3  4  5  6  7  8  9 10 11 12 13 14 15 16 |
---------------+-------------------------------------------------+-----
Earth Magic    | 4 5 6 7 9 10 11 | 11.4
Spellcasting   | 3 4 5 6 7 8 9 10 11 | 11.4
Short Blades   | 1 2 3 4 6 7 8 9 |  9.0
Stealth        | 3 4 5 7 8 |  8.2
Fighting       | 1 2 3 4 5 6 |  6.3
Armour         | 1 3 4 6 |  6.8
Shields        | 2 4 5 6 7 8 9 |  9.8
Dodging        | 2 3 4 5 6 7 |  7.1
Conjurations   | 2 4 7 9 10 | 10.3
Alchemy        | |  1.0

Action                     |  1- 3 |  4- 6 |  7- 9 | 10-12 | 13-15 | 16-18 || total
---------------------------+-------+-------+-------+-------+-------+-------++-------
  Melee: Unarmed           |    19 |       |       |       |       |       ||    19
         Bite              |    19 |    48 |    65 |   342 |   373 |    25 ||   872
         Dagger            |    59 |   186 |    66 |   481 |   488 |       ||  1280
         Punch             |       |     1 |     1 |       |       |       ||     2
         Rapier            |       |       |   151 |   272 |   290 |    60 ||   773
         Scimitar          |       |       |       |       |    16 |       ||    16
   Fire: Hand cannon       |       |       |     3 |    37 |    51 |    12 ||   103
  Throw: Javelin           |       |       |     3 |       |       |       ||     3
         Dart              |       |       |       |     4 |     6 |       ||    10
   Cast: Sandblast         |    19 |    36 |    67 |    29 |     5 |     5 ||   161
         Stone Arrow       |       |       |     7 |     9 |     4 |       ||    20
         Brom's Barrelling |       |       |       |    80 |    60 |     7 ||   147
         Lee's Rapid Decon |       |       |       |    16 |    13 |     4 ||    33
         Arcjolt           |       |       |       |     5 |    39 |     9 ||    53
         Iskenderun's Myst |       |       |       |     1 |     4 |       ||     5
         Bombard           |       |       |       |       |     9 |    13 ||    22
         Irradiate         |       |       |       |       |       |     1 ||     1
  Evoke: Wand              |       |       |     6 |       |     3 |       ||     9
         Sack of spiders   |       |       |       |       |     1 |       ||     1
         Lightning rod     |       |       |       |       |       |     4 ||     4
    Use: Potion            |       |     1 |     1 |     2 |     5 |     1 ||    10
         Scroll            |       |       |    21 |    10 |     8 |     2 ||    41
   Stab: Sleeping          |     1 |     5 |     5 |     2 |    11 |     2 ||    26
         Distracted        |       |       |       |     1 |     1 |     2 ||     4
 Armour: Robe              |    43 |   134 |    26 |       |       |       ||   203
         Ring mail         |       |       |   173 |   128 |       |       ||   301
         Acid dragon scale |       |       |       |   192 |   277 |    66 ||   535
  Dodge: Dodged            |    41 |   148 |   150 |   402 |   351 |    35 ||  1127
  Block: Other             |       |       |    18 |       |       |       ||    18
         Buckler           |       |       |    47 |   338 |    70 |       ||   455
         Reflection        |       |       |     2 |    27 |    30 |       ||    59
         Kite shield       |       |       |       |       |   554 |    84 ||   638

Table legend: (Time is in decaauts)
 A = Elapsed time spent in this place.
 B = Non-inter-level travel time spent in this place.
 C = Inter-level travel time spent in this place.
 D = Time resting spent in this place.
 E = Time spent auto-exploring this place.
 F = Levels seen in this place.
 G = Mean time per level.
                   A        B        C        D        E       F      G
               +--------+--------+--------+--------+--------+-----+--------+
         Total |  22929 |  21198 |   1731 |   4554 |   9647 |  22 | 1042.2 |
       Dungeon |  17639 |  16118 |   1521 |   3741 |   7411 |  15 | 1175.9 |
        Temple |     27 |     21 |      6 |      0 |      0 |   1 |   27.0 |
          Lair |   4153 |   3949 |    204 |    625 |   1965 |   4 | 1038.2 |
         Sewer |    448 |    448 |      0 |      0 |    189 |   1 |  448.0 |
      Gauntlet |    660 |    660 |      0 |    187 |     82 |   1 |  660.0 |
               +--------+--------+--------+--------+--------+-----+--------+

Top non-repeatable levels by time:
    D:13: 1978 daAuts
    D:10: 1933 daAuts
    D:12: 1672 daAuts
    D:11: 1606 daAuts
  Lair:3: 1586 daAuts
     D:8: 1346 daAuts
     D:9: 1313 daAuts
    D:15: 1259 daAuts
     D:7: 1192 daAuts
  Lair:2: 1080 daAuts
     D:4: 1010 daAuts
     D:5: 957 daAuts
  Lair:1: 953 daAuts
     D:2: 775 daAuts
     D:3: 730 daAuts
